 Dungeon Crawl Stone Soup version 0.20.0-4-g10b340a (webtiles) character file.

68 Gargoyl the Skirmisher (level 4, 0/40 HPs)
             Began as a Ghoul Abyssal Knight on May 28, 2017.
             Was a Follower of Lugonu.
             Slain by an orc priest (3 damage)
             ... on level 2 of the Dungeon.
             The game lasted 00:03:38 (1077 turns).

Gargoyl the Skirmisher (Ghoul Abyssal Knight)       Turns: 1077, Time: 00:03:39

Health: 0/40       AC:  3    Str: 15    XL:     4   Next: 19%
Magic:  4/4        EV: 11    Int:  7    God:    Lugonu [*.....]
Gold:   87         SH:  0    Dex:  9    Spells: 3/3 levels left

rFire    + + .     SeeInvis .   a - +1 hand axe
rCold    + . .     Gourm    .   (no shield)
rNeg     + + +     Faith    .   b - +0 leather armour
rPois    ∞         Spirit   .   (no helmet)
rElec    +         Reflect  .   (no cloak)
rCorr    +         Harm     .   (no gloves)
MR       .....                  (no boots)
Stlth    +.........             (no amulet)
Regen    0.0/turn               d - ring of fire
MPRegen  0.1/turn               (no ring)

@: resistant, rotting
A: rotting body, claws 1, carnivore 3, cold resistance 1, negative energy
resistance 3, inhibited regeneration, torment resistance, unbreathing
a: Depart the Abyss, Renounce Religion


You were on level 2 of the Dungeon.
You worshipped Lugonu.
Lugonu was aware of your devotion.
You were not hungry.

You visited 1 branch of the dungeon, and saw 2 of its levels.
You visited the Abyss 1 time.

You collected 87 gold pieces.

Inventory:

Hand Weapons
 a - a +1 hand axe (weapon)
Missiles
 g - 2 tomahawks (quivered)
Armour
 b - a +0 leather armour (worn)
Jewellery
 d - a ring of fire (left claw)
Scrolls
 f - a scroll of enchant weapon {unknown}
 i - a scroll of identify {unknown}
Potions
 e - a potion of curing {unknown}
 h - a potion of lignification {unknown}
 k - a potion of invisibility {unknown}
Comestibles
 c - 2 meat rations


   Skills:
 + Level 4.1 Fighting
 + Level 2.5 Axes
 * Level 2.2 Armour
 + Level 1.1 Dodging
 * Level 2.5 Invocations


You had 3 spell levels left.
You didn't know any spells.

Dungeon Overview and Level Annotations

Branches:
Dungeon (2/15)

Altars:
Qazlal
Zin


Innate Abilities, Weirdness & Mutations

Your body is rotting away.
You thrive on raw meat.
You are immune to poison.
You have sharp fingernails.
You are carnivorous and can eat meat at any time.
Your flesh is cold resistant. (rC+)
You are immune to negative energy. (rN+++)
You do not regenerate when monsters are visible.
You are immune to unholy pain and torment.
You can survive without breathing.


Message History

Unknown command.
You hit the orc priest.
The orc priest is moderately wounded.
You hit the orc.
You kill the orc!
Lugonu accepts your kill.
You hit the orc.
You kill the orc!
Lugonu accepts your kill.
The orc priest hits you but does no damage.
You hit the orc priest.
The orc priest is heavily wounded.
The orc priest mumbles some strange prayers to Beogh against you.
Beogh smites you!
* * * LOW HITPOINT WARNING * * *
Unknown command.
It was a potion of resistance.
You feel protected. The orc priest hits you.
You die...

......>.#.##........
#######.#...........
####.##....^.....
..##.##..........
########.##.##..........
#........##.###'##...#..
..≈...≈..##.# #.##...###
......))..#.###.##...#
......)@........##...#
......o)..########...#
..≈...≈..## #...#
#........# #...#
########.# ..# ###


You could see an orc priest.

Vanquished Creatures
  An orc priest (D:2)
  2 oozes
  2 dart slugs (D:1)
  4 orcs (D:2)
  A giant cockroach (D:2)
  A goblin (D:1)
  3 hobgoblins (D:1)
  3 jackals (D:1)
  3 bats
  A frilled lizard (D:1)
  A kobold (D:1)
  A rat (D:1)
23 creatures vanquished.

Notes
Turn   | Place    | Note
-------+----------+-------------------------------------------
     0 | Abyss:1  | Gargoyl the Ghoul Abyssal Knight began the quest for the Orb.
     0 | Abyss:1  | Reached XP level 1. HP: 19/19 MP: 1/1
   198 | Abyss:2  | Found a corrupted altar of Lugonu.
   215 | Abyss:2  | Noticed a small abomination
   218 | D:1      | Escaped the Abyss
   303 | D:1      | Reached skill level 1 in Dodging
   303 | D:1      | Reached XP level 2. HP: 16/26 MP: 2/2
   324 | D:1      | Reached * piety under Lugonu
   853 | D:2      | Found a glowing silver altar of Zin.
   853 | D:2      | Noticed a two-headed ogre
   858 | D:2      | Found a stormy altar of Qazlal.
   881 | D:2      | Reached XP level 3. HP: 31/32 MP: 3/3
  1072 | D:2      | Reached skill level 4 in Fighting
  1072 | D:2      | Reached XP level 4. HP: 22/40 MP: 4/4
  1077 | D:2      | Slain by an orc priest

Skill      XL: |  1  2  3 |
---------------+----------+-----
Dodging        | 1 |  1.1
Axes           | 2 |  2.5
Fighting       | 4 |  4.1
Armour         | 2 |  2.2
Invocations    | |  2.5

Action                   |  1- 3 |  4- 6 || total
-------------------------+-------+-------++-------
Melee: Hand axe          |    72 |     4 ||    76
Invok: Depart the Abyss  |     1 |       ||     1
  Use: Scroll            |     2 |       ||     2
       Potion            |       |     1 ||     1
  Eat: Chunk             |    10 |       ||    10
Armor: Leather armour    |    48 |     2 ||    50
Dodge: Dodged            |    87 |     6 ||    93
